Jets vs Ducks

Created - Thursday, April 07, 2016 at 02:52

Goals
1 2 3 T
Jets 5 1 1 7
Ducks 2 1 1 4
Shots
1 2 3 T
Jets 18 6 16 40
Ducks 7 7 8 22

1st period

1. Jets , Patrick Kane 41 (John Tavares) at 0:08
2. Jets , Blake Wheeler 41 (Ryan Getzlaf) at 8:10 (PP)
3. Ducks , Jean-Gabriel Pageau 19 (Jared Cowen) at 9:28 (PP)
4. Ducks , Kyle Palmieri 14 (Brett Bellemore) at 17:19
5. Jets , Claude Giroux 23 (Wayne Simmonds, John Carlson) at 18:09
6. Jets , John Tavares 63 (John Carlson, Alex Ovechkin) at 19:11
7. Jets , John Tavares 64 (John Carlson, Patrick Kane) at 19:24

Penalties :
Ryan Getzlaf (Wpg) for Hooking (Minor) at 0:09, Ryan Getzlaf (Wpg) for Hooking (Minor) at 4:38, Tom Wilson (Ana) for Roughing (Minor) at 8:08, Erik Johnson (Wpg) for Hooking (Minor) at 8:45, Jared Cowen (Ana) for Tripping (Minor) at 11:05, Erik Johnson (Wpg) for Tripping (Minor) at 11:37

2nd period

8. Ducks , Brad Richardson 12 (Michael Frolik, Jared Cowen) at 4:31 (PP)
9. Jets , Ryan Getzlaf 35 (Blake Wheeler, Filip Forsberg) at 5:13

Penalties :
Ryan Getzlaf (Wpg) for Roughing (Minor) at 1:03, Erik Johnson (Wpg) for Goalie Interference (Minor) at 2:38, Blake Wheeler (Wpg) for Hooking (Minor) at 5:36, Chris Stewart (Ana) for Hooking (Minor) at 8:57, Jarret Stoll (Wpg) for High sticking (Minor) at 16:59

3rd period

10. Jets , Jake Muzzin 3 (Claude Giroux, Wayne Simmonds) at 7:18
11. Ducks , Michael Frolik 14 (Blake Comeau, Jared Cowen) at 8:46

Penalties :
Tom Wilson (Ana) for Fighting (Major) at 0:33, John Carlson (Wpg) for Fighting (Major) at 0:33, Jonathan Huberdeau (Ana) for Slashing (Minor) at 2:04, Jonathan Huberdeau (Ana) for Hooking (Minor) at 4:35, Wayne Simmonds (Wpg) for Hooking (Minor) at 9:21

Goalie Stats

Jonathan Quick (Wpg), 18 saves from 22 shots - (0.818), W, 37-32-3, 60:00 minutes
Jhonas Enroth (Ana), 13 saves from 17 shots - (0.765), 19:11 minutes
Jonathan Bernier (Ana), 20 saves from 23 shots - (0.870), L, 14-12-10, 40:49 minutes

Players Stats for Jets

Player Name              G  A  P  +/- PIM S  H  SB GA TA FO     MP     PP MP  PK MP  
------------------------------------------------------------------------------------
Alex Ovechkin            0  1  1   1  0   4  7  1  5  1  1/2    24:01   3:49   4:51 
Blake Wheeler            1  1  2   1  2   2  1  0  3  1  0/0    14:58   2:42   0:00 
Brad Stuart              0  0  0   1  0   0  1  3  0  3  0/0    20:21   0:00  10:17 
Claude Giroux            1  1  2   2  0   2  0  0  1  0  6/8    15:05   0:00   5:48 
Erik Johnson             0  0  0  -1  6   1  0  0  0  0  0/0    22:16   3:42   4:19 
Filip Forsberg           0  1  1   1  0   1  1  0  0  0  0/0    14:01   2:42   0:00 
Jake Muzzin              1  0  1   2  0   7  0  0  0  1  0/0    16:14   1:15   0:01 
Jarret Stoll             0  0  0  -2  2   2  2  0  0  1  11/16  15:34   0:00   8:19 
John Carlson             0  3  3   4  5   1  0  2  0  1  0/0    24:05   1:33   8:36 
John Tavares             2  1  3   3  0   3  0  0  0  0  14/21  16:00   3:49   0:01 
Jussi Jokinen            0  0  0   2  0   3  1  0  1  4  0/0    19:26   0:00   9:09 
Marc Staal               0  0  0   0  0   0  0  0  0  0  0/0     0:00   0:00   0:00 
Oliver Ekman-Larsson     0  0  0  -2  0   1  0  1  0  0  0/0    21:08   3:43   6:02 
Patrick Kane             1  1  2   3  0   2  0  0  4  0  0/1    13:21   3:49   0:00 
Patrik Elias             0  0  0  -2  0   1  0  1  0  1  0/0     6:30   0:00   0:30 
Ryan Getzlaf             1  1  2   1  6   4  0  0  3  0  9/12   14:44   2:42   0:14 
Victor Hedman            0  0  0   4  0   3  0  1  0  2  0/0    16:13   2:48   0:00 
Wayne Simmonds           0  2  2   2  2   3  1  0  2  0  0/0     9:24   0:00   0:00 

Players Stats for Ducks

Player Name              G  A  P  +/- PIM S  H  SB GA TA FO     MP     PP MP  PK MP  
------------------------------------------------------------------------------------
Andrew MacWilliam        0  0  0   0  0   0  0  0  0  1  0/0     1:42   0:00   0:00 
Blake Comeau             0  1  1   1  0   2  1  0  1  0  1/2    12:34   1:01   2:20 
Brad Richardson          1  0  1  -1  0   1  1  1  3  0  4/10   20:03   7:09   2:52 
Brett Bellemore          0  1  1  -4  0   2  2  0  0  0  0/0    25:54   7:38   2:06 
Chris Stewart            0  0  0   1  2   1  1  0  3  0  0/1     8:04   0:00   0:00 
Connor Murphy            0  0  0  -1  0   3  0  7  0  1  0/0    26:07   8:05   4:25 
David Moss               0  0  0  -1  0   0  0  0  3  0  1/8    11:56   0:00   0:00 
James Sheppard           0  0  0  -3  0   0  0  0  0  0  5/20   22:47   7:01   4:16 
Jared Cowen              0  3  3  -4  2   0  0  2  0  1  0/0    22:17   6:34   2:06 
Jean-Gabriel Pageau      1  0  1   0  0   2  1  0  2  0  5/7    13:49   7:29   0:24 
Jonathan Huberdeau       0  0  0  -2  4   0  0  0  0  0  0/1    20:28   7:29   0:00 
Korbinian Holzer         0  0  0   1  0   0  1  0  1  0  0/0    10:38   0:00   0:00 
Kyle Palmieri            1  0  1   0  0   1  1  0  2  0  0/1     5:35   0:00   0:00 
Martin Marincin          0  0  0  -1  0   1  0  1  1  1  0/0    21:46   7:00   4:25 
Michael Frolik           1  1  2  -2  0   5  1  1  1  0  2/5    22:32   6:07   0:00 
Nikita Kucherov          0  0  0  -1  0   2  0  0  2  0  0/0    13:41   0:08   0:57 
Nikita Nikitin           0  0  0   1  0   1  0  1  0  1  0/0    11:36   0:00   0:00 
Tom Wilson               0  0  0  -4  7   1  1  1  3  0  1/5    20:50   7:29   2:36 

3 Stars

1 - John Tavares (Wpg)
2 - Patrick Kane (Wpg)
3 - Claude Giroux (Wpg)

Power Play

Jets - 1 on 5 Attempt(s) - 20.00%
Ducks - 2 on 9 Attempt(s) - 22.22%

Penalty Kill

Jets - 7 on 9 Attempt(s) - 77.78% - Score 0 goal in Penalty Kill
Ducks - 4 on 5 Attempt(s) - 80.00% - Score 0 goal in Penalty Kill

Team Stat

Jets - Hits : 14 - Faceoff Wins : 41 - Blocked Shots : 9 - Penalty Minutes : 23
Ducks - Hits : 10 - Faceoff Wins : 19 - Blocked Shots : 14 - Penalty Minutes : 15

Official

Referees : Unknown
Linesman : Unknown

Game Notes

Jonathan Bernier enters game at 19:11 of 1st period
Tom Wilson and John Carlson fight to a draw at 0:33 of 3rd period

Finance

Level 1 -- Attendance: 4156 (69.27%) -- Ticket Income $394,820
Level 2 -- Attendance: 4393 (87.86%) -- Ticket Income $219,650
Level 3 -- Attendance: 1833 (91.65%) -- Ticket Income $54,990
Level 4 -- Attendance: 4000 (100.00%) -- Ticket Income $72,000
Luxury Box -- Attendance: 773 (77.30%) -- Ticket Income $143,005
Game was played at the Honda Center.
Total Attendance: 15155 (84.19%)
Total Ticket Income: $884,465
Other Income: $433,388
Total Income: $1,317,853

Jets

5 vs 5 Forward 
   Center                   Left Wing                Right Wing               Time % Phy DF OF 
 1 John Tavares             Alex Ovechkin            Patrick Kane             31     0   2  3  
 2 Ryan Getzlaf             Filip Forsberg           Blake Wheeler            28     0   2  3  
 3 Claude Giroux            Jussi Jokinen            Wayne Simmonds           24     1   2  2  
 4 Jarret Stoll             Patrik Elias             Alex Ovechkin            17     1   2  2  

5 vs 5 Defense 
   Defense                  Defense                                           Time % Phy DF OF 
 1 Victor Hedman            John Carlson                                      35     1   2  2  
 2 Oliver Ekman-Larsson     Erik Johnson                                      30     1   2  2  
 3 Jake Muzzin              Brad Stuart                                       22     1   2  2  
 4 Jake Muzzin              Erik Johnson                                      13     1   2  2  

PowerPlay Forward 
   Center                   Left Wing                Right Wing               Time % Phy DF OF 
 1 John Tavares             Alex Ovechkin            Patrick Kane             60     1   2  2  
 2 Ryan Getzlaf             Filip Forsberg           Blake Wheeler            40     1   2  2  

PowerPlay Defense
   Defense                  Defense                                           Time % Phy DF OF 
 1 Oliver Ekman-Larsson     Erik Johnson                                      60     1   2  2  
 2 Victor Hedman            John Carlson                                      40     1   2  2  

Penalty Kill 4 Players Forward 
   Center                   Wing                     Time % Phy DF OF 
 1 Jarret Stoll             Jussi Jokinen            60     1   2  2  
 2 Claude Giroux            Alex Ovechkin            40     1   2  2  

Penalty Kill 4 Players Defense
   Defense                  Defense                  Time % Phy DF OF 
 1 Brad Stuart              John Carlson             60     1   2  2  
 2 Oliver Ekman-Larsson     Erik Johnson             40     1   2  2  

Penalty Kill - 3 Players Forward 
   Forward                                           Time % Phy DF OF 
 1 Jarret Stoll                                      60     1   2  2  
 2 Claude Giroux                                     40     1   2  2  

Penalty Kill - 3 Players Defense
   Defense                  Defense                  Time % Phy DF OF 
 1 Brad Stuart              John Carlson             60     1   2  2  
 2 Oliver Ekman-Larsson     Erik Johnson             40     1   2  2  

4 vs 4 Forward 
   Center                   Wing                     Time % Phy DF OF 
 1 John Tavares             Alex Ovechkin            60     1   2  2  
 2 Ryan Getzlaf             Patrick Kane             40     1   2  2  

4 vs 4 Defense
   Defense                  Defense                  Time % Phy DF OF 
 1 John Carlson             Erik Johnson             60     1   2  2  
 2 Oliver Ekman-Larsson     Jake Muzzin              40     1   2  2  

Last Minutes Offensive
   Center                   Left Wing                Right Wing               Defense                  Defense                  
   Ryan Getzlaf             Alex Ovechkin            Blake Wheeler            John Carlson             Erik Johnson             

Last Minutes Defensive
   Center                   Left Wing                Right Wing               Defense                  Defense                  
   Ryan Getzlaf             Alex Ovechkin            Blake Wheeler            John Carlson             Erik Johnson             

Goaltenders
Starting : Jonathan Quick           
Backup : Jake Allen               

Extra Forwards
Normal : John Tavares, Patrik Elias, Jussi Jokinen - PP : John Tavares, Patrik Elias - PK : Jussi Jokinen
Extra Defensemen
Normal : Jake Muzzin, Erik Johnson, Oliver Ekman-Larsson - PP : Jake Muzzin - PK : Erik Johnson, Oliver Ekman-Larsson
Penalty Shots
Alex Ovechkin, Ryan Getzlaf, Claude Giroux, Blake Wheeler, Jussi Jokinen

Ducks

5 vs 5 Forward 
   Center                   Left Wing                Right Wing               Time % Phy DF OF 
 1 James Sheppard           Tom Wilson               Michael Frolik           36     1   2  2  
 2 David Moss               Jonathan Huberdeau       Nikita Kucherov          30     1   2  2  
 3 Michael Frolik           Blake Comeau             Chris Stewart            21     1   2  2  
 4 Jean-Gabriel Pageau      Brad Richardson          Kyle Palmieri            13     1   2  2  

5 vs 5 Defense 
   Defense                  Defense                                           Time % Phy DF OF 
 1 Brett Bellemore          Jared Cowen                                       35     1   2  2  
 2 Connor Murphy            Martin Marincin                                   30     1   2  2  
 3 Nikita Nikitin           Korbinian Holzer                                  22     1   2  2  
 4 Andrew MacWilliam        Connor Murphy                                     13     1   2  2  

PowerPlay Forward 
   Center                   Left Wing                Right Wing               Time % Phy DF OF 
 1 Brad Richardson          Michael Frolik           James Sheppard           60     1   2  2  
 2 Jean-Gabriel Pageau      Jonathan Huberdeau       Tom Wilson               40     1   2  2  

PowerPlay Defense
   Defense                  Defense                                           Time % Phy DF OF 
 1 Connor Murphy            Brett Bellemore                                   60     1   2  2  
 2 Jared Cowen              Martin Marincin                                   40     1   2  2  

Penalty Kill 4 Players Forward 
   Center                   Wing                     Time % Phy DF OF 
 1 James Sheppard           Tom Wilson               60     1   2  2  
 2 Jean-Gabriel Pageau      Brad Richardson          40     1   2  2  

Penalty Kill 4 Players Defense
   Defense                  Defense                  Time % Phy DF OF 
 1 Connor Murphy            Martin Marincin          60     1   2  2  
 2 Brett Bellemore          Jared Cowen              40     1   2  2  

Penalty Kill - 3 Players Forward 
   Forward                                           Time % Phy DF OF 
 1 James Sheppard                                    60     1   2  2  
 2 Brad Richardson                                   40     1   2  2  

Penalty Kill - 3 Players Defense
   Defense                  Defense                  Time % Phy DF OF 
 1 Jared Cowen              Brett Bellemore          60     1   2  2  
 2 Martin Marincin          Connor Murphy            40     1   2  2  

4 vs 4 Forward 
   Center                   Wing                     Time % Phy DF OF 
 1 James Sheppard           Brad Richardson          60     1   2  2  
 2 Michael Frolik           Tom Wilson               40     1   2  2  

4 vs 4 Defense
   Defense                  Defense                  Time % Phy DF OF 
 1 Nikita Nikitin           Brett Bellemore          60     1   2  2  
 2 Martin Marincin          Jared Cowen              40     1   2  2  

Last Minutes Offensive
   Center                   Left Wing                Right Wing               Defense                  Defense                  
   James Sheppard           Tom Wilson               Michael Frolik           Brett Bellemore          Jared Cowen              

Last Minutes Defensive
   Center                   Left Wing                Right Wing               Defense                  Defense                  
   James Sheppard           Tom Wilson               Michael Frolik           Brett Bellemore          Jared Cowen              

Goaltenders
Starting : Jhonas Enroth            
Backup : Jonathan Bernier         

Extra Forwards
Normal : James Sheppard, Brad Richardson, Tom Wilson - PP : Brad Richardson, James Sheppard - PK : Brad Richardson
Extra Defensemen
Normal : Brett Bellemore, Martin Marincin, Jared Cowen - PP : Brett Bellemore - PK : Jared Cowen, Brett Bellemore
Penalty Shots
Tom Wilson, Brad Richardson, Michael Frolik, James Sheppard, Jean-Gabriel Pageau

% Time on Ice - Jets

Lines # - Real PCT - Wanted PCT - Time Play
Normal Forward
1 - 30% - 31% - 11:14
2 - 31% - 28% - 11:35
3 - 24% - 24% - 9:01
4 - 15% - 17% - 5:34
Normal Defense
1 - 38% - 35% - 14:16
2 - 31% - 30% - 11:27
3 - 24% - 22% - 8:48
4 - 8% - 13% - 2:53
PP Forward
1 - 59% - 60% - 3:49
2 - 41% - 40% - 2:42
PP Defense
1 - 57% - 60% - 3:43
2 - 43% - 40% - 2:48
PK Forward
1 - 73% - 60% - 10:24
2 - 27% - 40% - 3:50
PK Defense
1 - 58% - 60% - 8:12
2 - 42% - 40% - 6:02
PK3 Forward
1 - 100% - 60% - 0:24
2 - 0% - 40% - 0:00
PK3 Defense
1 - 100% - 60% - 0:24
2 - 0% - 40% - 0:00
44 Forward
1 - 100% - 60% - 1:27
2 - 0% - 40% - 0:00
44 Defense
1 - 100% - 60% - 1:27
2 - 0% - 40% - 0:00
Last Minute Offensive  - 0:00
Last Minute Defensive  - 0:00
Total
Forward - 60:00
Defense - 60:00

% Time on Ice - Ducks

Lines # - Real PCT - Wanted PCT - Time Play
Normal Forward
1 - 31% - 36% - 11:40
2 - 33% - 30% - 12:17
3 - 21% - 21% - 7:52
4 - 15% - 13% - 5:35
Normal Defense
1 - 35% - 35% - 13:05
2 - 32% - 30% - 11:59
3 - 28% - 22% - 10:38
4 - 5% - 13% - 1:42
PP Forward
1 - 49% - 60% - 7:09
2 - 51% - 40% - 7:29
PP Defense
1 - 52% - 60% - 7:38
2 - 48% - 40% - 7:00
PK Forward
1 - 94% - 60% - 6:07
2 - 6% - 40% - 0:24
PK Defense
1 - 68% - 60% - 4:25
2 - 32% - 40% - 2:06
PK3 Forward
1 - 0% - 60%
2 - 0% - 40%
PK3 Defense
1 - 0% - 60%
2 - 0% - 40%
44 Forward
1 - 100% - 60% - 1:27
2 - 0% - 40% - 0:00
44 Defense
1 - 67% - 60% - 0:58
2 - 33% - 40% - 0:29
Last Minute Offensive  - 0:00
Last Minute Defensive  - 0:00
Total
Forward - 60:00
Defense - 60:00

Play by Play

1st period


0:01 of 1st period - John Tavares wins face-off versus Michael Frolik in neutral zone.
0:08 of 1st period - Snap shot by Patrick Kane.
0:08 of 1st period - Goal by Patrick Kane - Jets : 1 - Ducks : 0.
0:09 of 1st period - Ryan Getzlaf wins face-off versus David Moss in neutral zone.
0:09 of 1st period - Minor Penalty to Ryan Getzlaf for Hooking.
0:10 of 1st period - Brad Richardson wins face-off versus Jarret Stoll in Jets zone.
0:39 of 1st period - Slapshot by Brad Richardson.
0:39 of 1st period - Shot Blocked by John Carlson.
0:41 of 1st period - Slapshot by Connor Murphy.
0:41 of 1st period - Stopped by Jonathan Quick with a rebound.
1:42 of 1st period - Slapshot by Jared Cowen.
1:42 of 1st period - Shot Misses the Net.
1:44 of 1st period - Slapshot by Jared Cowen.
1:44 of 1st period - Shot Blocked by Brad Stuart.
1:46 of 1st period - Snap shot by Michael Frolik.
1:46 of 1st period - Shot Misses the Net.
1:48 of 1st period - Snap shot by Brad Richardson.
1:48 of 1st period - Shot Blocked by Brad Stuart.
2:09 of 1st period - Penalty to Ryan Getzlaf is over, Ryan Getzlaf is back on ice.
2:34 of 1st period - Wrist shot by Blake Comeau.
2:34 of 1st period - Deflect By Ryan Getzlaf.
2:34 of 1st period - Stopped by Jonathan Quick with a rebound.
3:06 of 1st period - Backhand shot by Ryan Getzlaf.
3:06 of 1st period - Shot Misses the Net.
3:08 of 1st period - Wrist shot by Ryan Getzlaf.
3:08 of 1st period - Stopped by Jhonas Enroth with a rebound.
3:33 of 1st period - Andrew MacWilliam is hit by Alex Ovechkin and loses puck.
4:08 of 1st period - Snap shot by Chris Stewart.
4:08 of 1st period - Shot Misses the Net.
4:10 of 1st period - Backhand shot by Brett Bellemore.
4:10 of 1st period - Shot Misses the Net.
4:38 of 1st period - Minor Penalty to Ryan Getzlaf for Hooking.
4:39 of 1st period - Jarret Stoll wins face-off versus Brad Richardson in Jets zone.
4:45 of 1st period - Icing by Michael Frolik.
4:46 of 1st period - Jarret Stoll wins face-off versus Brad Richardson in Ducks zone.
5:34 of 1st period - Off-side.
5:35 of 1st period - Jarret Stoll wins face-off versus Brad Richardson in neutral zone.
5:38 of 1st period - Blake Comeau is hit by Alex Ovechkin and loses puck.
6:09 of 1st period - Wrist shot by Jussi Jokinen.
6:09 of 1st period - Stopped by Jhonas Enroth with a rebound.
6:38 of 1st period - Penalty to Ryan Getzlaf is over, Ryan Getzlaf is back on ice.
6:54 of 1st period - Slapshot by Victor Hedman.
6:54 of 1st period - Shot Blocked by Connor Murphy.
6:56 of 1st period - Slapshot by John Carlson.
6:56 of 1st period - Stopped by Jhonas Enroth with a rebound.
7:48 of 1st period - Off-side.
7:49 of 1st period - Alex Ovechkin wins face-off versus Tom Wilson in neutral zone.
7:52 of 1st period - Wrist shot by Patrick Kane.
7:52 of 1st period - Shot Blocked by Jared Cowen.
7:54 of 1st period - Slapshot by Alex Ovechkin.
7:54 of 1st period - Deflect By Jared Cowen.
7:54 of 1st period - Stopped by Jhonas Enroth with a rebound.
8:08 of 1st period - Minor Penalty to Tom Wilson for Roughing.
8:09 of 1st period - Ryan Getzlaf wins face-off versus James Sheppard in Ducks zone.
8:10 of 1st period - Snap shot by Blake Wheeler.
8:10 of 1st period - Goal by Blake Wheeler - Jets : 2 - Ducks : 0.
8:11 of 1st period - Claude Giroux wins face-off versus Jean-Gabriel Pageau in neutral zone.
8:45 of 1st period - Minor Penalty to Erik Johnson for Hooking.
8:46 of 1st period - Brad Richardson wins face-off versus Jarret Stoll in Jets zone.
9:05 of 1st period - Snap shot by Brett Bellemore.
9:05 of 1st period - Stopped by Jonathan Quick with a rebound.
9:07 of 1st period - Slapshot by Connor Murphy.
9:07 of 1st period - Stopped by Jonathan Quick without a rebound.
9:08 of 1st period - Jean-Gabriel Pageau wins face-off versus Jarret Stoll in Jets zone.
9:20 of 1st period - Off-side.
9:21 of 1st period - Jean-Gabriel Pageau wins face-off versus Jarret Stoll in neutral zone.
9:28 of 1st period - Snap shot by Jean-Gabriel Pageau.
9:28 of 1st period - Goal by Jean-Gabriel Pageau - Jets : 2 - Ducks : 1.
9:29 of 1st period - Jarret Stoll wins face-off versus James Sheppard in neutral zone.
9:32 of 1st period - Slapshot by Alex Ovechkin.
9:32 of 1st period - Shot Blocked by Connor Murphy.
9:34 of 1st period - Slapshot by John Carlson.
9:34 of 1st period - Deflect By Alex Ovechkin.
9:34 of 1st period - Shot Misses the Net.
9:34 of 1st period - Puck is out of play.
9:35 of 1st period - Jarret Stoll wins face-off versus James Sheppard in Ducks zone.
9:36 of 1st period - Snap shot by Alex Ovechkin.
9:36 of 1st period - Shot Blocked by Michael Frolik.
9:38 of 1st period - Slapshot by Victor Hedman.
9:38 of 1st period - Shot Misses the Net.
9:40 of 1st period - Slapshot by John Carlson.
9:40 of 1st period - Shot Blocked by Connor Murphy.
9:42 of 1st period - Slapshot by Jarret Stoll.
9:42 of 1st period - Stopped by Jhonas Enroth with a rebound.
9:44 of 1st period - Snap shot by Patrik Elias.
9:44 of 1st period - Shot Misses the Net.
9:46 of 1st period - Slapshot by Victor Hedman.
9:46 of 1st period - Deflect By Jarret Stoll.
9:46 of 1st period - Stopped by Jhonas Enroth with a rebound.
9:48 of 1st period - Snap shot by Alex Ovechkin.
9:48 of 1st period - Deflect By Patrik Elias.
9:48 of 1st period - Shot Misses the Net.
9:48 of 1st period - Puck is out of play.
9:49 of 1st period - Jarret Stoll wins face-off versus James Sheppard in Ducks zone.
10:06 of 1st period - Michael Frolik is hit by Alex Ovechkin and loses puck.
10:17 of 1st period - Wrist shot by Patrik Elias.
10:17 of 1st period - Shot Blocked by Connor Murphy.
10:19 of 1st period - Slapshot by Victor Hedman.
10:19 of 1st period - Deflect By Michael Frolik.
10:19 of 1st period - Stopped by Jhonas Enroth with a rebound.
10:21 of 1st period - Slapshot by Victor Hedman.
10:21 of 1st period - Stopped by Jhonas Enroth without a rebound.
10:22 of 1st period - Claude Giroux wins face-off versus Jonathan Huberdeau in Ducks zone.
10:45 of 1st period - Wrist shot by Claude Giroux.
10:45 of 1st period - Shot Blocked by Jared Cowen.
11:05 of 1st period - Minor Penalty to Jared Cowen for Tripping.
11:06 of 1st period - John Tavares wins face-off versus James Sheppard in Ducks zone.
11:37 of 1st period - Minor Penalty to Erik Johnson for Tripping.
11:38 of 1st period - John Tavares wins face-off versus James Sheppard in Jets zone.
12:41 of 1st period - Off-side.
12:42 of 1st period - Tom Wilson wins face-off versus John Tavares in neutral zone.
13:05 of 1st period - Penalty to Jared Cowen is over, Jared Cowen is back on ice.
13:30 of 1st period - Snap shot by Jean-Gabriel Pageau.
13:30 of 1st period - Shot Blocked by Brad Stuart.
13:37 of 1st period - Penalty to Erik Johnson is over, Erik Johnson is back on ice.
14:16 of 1st period - Snap shot by Blake Wheeler.
14:16 of 1st period - Stopped by Jhonas Enroth without a rebound.
14:17 of 1st period - Ryan Getzlaf wins face-off versus David Moss in Ducks zone.
14:26 of 1st period - Snap shot by Nikita Nikitin.
14:26 of 1st period - Stopped by Jonathan Quick with a rebound.
14:28 of 1st period - Slapshot by Korbinian Holzer.
14:28 of 1st period - Shot Blocked by John Carlson.
14:30 of 1st period - Slapshot by Korbinian Holzer.
14:30 of 1st period - Shot Misses the Net.
14:38 of 1st period - Slapshot by Nikita Nikitin.
14:38 of 1st period - Shot Misses the Net.
17:19 of 1st period - Slapshot by Kyle Palmieri.
17:19 of 1st period - Goal by Kyle Palmieri - Jets : 2 - Ducks : 2.
17:20 of 1st period - Ryan Getzlaf wins face-off versus Tom Wilson in neutral zone.
17:35 of 1st period - Snap shot by Michael Frolik.
17:35 of 1st period - Deflect By Tom Wilson.
17:35 of 1st period - Shot Misses the Net.
17:35 of 1st period - Puck is out of play.
17:36 of 1st period - Ryan Getzlaf wins face-off versus James Sheppard in Jets zone.
18:09 of 1st period - Snap shot by Wayne Simmonds.
18:09 of 1st period - Deflect By Claude Giroux.
18:09 of 1st period - Goal by Claude Giroux - Jets : 3 - Ducks : 2.
18:10 of 1st period - Claude Giroux wins face-off versus David Moss in neutral zone.
18:19 of 1st period - Wrist shot by Wayne Simmonds.
18:19 of 1st period - Stopped by Jhonas Enroth with a rebound.
18:21 of 1st period - Slapshot by Oliver Ekman-Larsson.
18:21 of 1st period - Shot Blocked by Martin Marincin.
18:23 of 1st period - Slapshot by Oliver Ekman-Larsson.
18:23 of 1st period - Shot Misses the Net.
18:25 of 1st period - Backhand shot by Jussi Jokinen.
18:25 of 1st period - Stopped by Jhonas Enroth with a rebound.
18:27 of 1st period - Snap shot by Claude Giroux.
18:27 of 1st period - Shot Blocked by Connor Murphy.
18:29 of 1st period - Slapshot by Erik Johnson.
18:29 of 1st period - Stopped by Jhonas Enroth with a rebound.
18:31 of 1st period - Snap shot by Jussi Jokinen.
18:31 of 1st period - Shot Misses the Net.
19:09 of 1st period - Snap shot by Alex Ovechkin.
19:09 of 1st period - Stopped by Jhonas Enroth with a rebound.
19:11 of 1st period - Snap shot by John Carlson.
19:11 of 1st period - Deflect By John Tavares.
19:11 of 1st period - Goal by John Tavares - Jets : 4 - Ducks : 2.
19:11 of 1st period - Jonathan Bernier enters game.
19:12 of 1st period - John Tavares wins face-off versus James Sheppard in neutral zone.
19:24 of 1st period - Slapshot by John Tavares.
19:24 of 1st period - Goal by John Tavares - Jets : 5 - Ducks : 2.
19:25 of 1st period - John Tavares wins face-off versus Tom Wilson in neutral zone.
19:28 of 1st period - Snap shot by Patrick Kane.
19:28 of 1st period - Shot Misses the Net.
19:30 of 1st period - Wrist shot by John Carlson.
19:30 of 1st period - Shot Blocked by Connor Murphy.
Goals for this period are 5 for Jets vs 2 for Ducks.
Shots for this period are 18 for Jets vs 7 for Ducks.

2nd period


0:01 of 2nd period - James Sheppard wins face-off versus John Tavares in neutral zone.
0:04 of 2nd period - Oliver Ekman-Larsson is hit by Michael Frolik and loses puck.
0:17 of 2nd period - Slapshot by Tom Wilson.
0:17 of 2nd period - Deflect By Michael Frolik.
0:17 of 2nd period - Stopped by Jonathan Quick with a rebound.
0:19 of 2nd period - Snap shot by Michael Frolik.
0:19 of 2nd period - Stopped by Jonathan Quick without a rebound.
0:20 of 2nd period - John Tavares wins face-off versus James Sheppard in Jets zone.
1:03 of 2nd period - Minor Penalty to Ryan Getzlaf for Roughing.
1:04 of 2nd period - Jarret Stoll wins face-off versus Jean-Gabriel Pageau in Jets zone.
1:38 of 2nd period - Michael Frolik is hit by Jussi Jokinen and loses puck.
1:54 of 2nd period - Jarret Stoll is hit by Brad Richardson and loses puck.
2:38 of 2nd period - Minor Penalty to Erik Johnson for Goalie Interference.
2:39 of 2nd period - Brad Richardson wins face-off versus Jarret Stoll in Jets zone.
2:49 of 2nd period - Off-side.
2:50 of 2nd period - Jarret Stoll wins face-off versus Brad Richardson in neutral zone.
3:03 of 2nd period - Penalty to Ryan Getzlaf is over, Ryan Getzlaf is back on ice.
3:41 of 2nd period - Icing by Jean-Gabriel Pageau.
3:42 of 2nd period - Jean-Gabriel Pageau wins face-off versus Alex Ovechkin in Ducks zone.
4:11 of 2nd period - Backhand shot by Tom Wilson.
4:11 of 2nd period - Shot Misses the Net.
4:13 of 2nd period - Slapshot by Martin Marincin.
4:13 of 2nd period - Stopped by Jonathan Quick with a rebound.
4:31 of 2nd period - Wrist shot by Brad Richardson.
4:31 of 2nd period - Goal by Brad Richardson - Jets : 5 - Ducks : 3.
4:32 of 2nd period - David Moss wins face-off versus John Tavares in neutral zone.
4:52 of 2nd period - Andrew MacWilliam is hit by Alex Ovechkin.
5:05 of 2nd period - Off-side.
5:06 of 2nd period - Ryan Getzlaf wins face-off versus Kyle Palmieri in neutral zone.
5:13 of 2nd period - Slapshot by Ryan Getzlaf.
5:13 of 2nd period - Goal by Ryan Getzlaf - Jets : 6 - Ducks : 3.
5:14 of 2nd period - Ryan Getzlaf wins face-off versus Chris Stewart in neutral zone.
5:36 of 2nd period - Minor Penalty to Blake Wheeler for Hooking.
5:37 of 2nd period - Jarret Stoll wins face-off versus Brad Richardson in Jets zone.
5:37 of 2nd period - Jarret Stoll is hit by Brett Bellemore.
6:27 of 2nd period - John Carlson is hit by Jean-Gabriel Pageau and loses puck.
7:20 of 2nd period - Erik Johnson is hit by Brett Bellemore and loses puck.
7:36 of 2nd period - Penalty to Blake Wheeler is over, Blake Wheeler is back on ice.
8:57 of 2nd period - Minor Penalty to Chris Stewart for Hooking.
8:58 of 2nd period - James Sheppard wins face-off versus John Tavares in Ducks zone.
9:38 of 2nd period - Snap shot by Blake Wheeler.
9:38 of 2nd period - Shot Blocked by Tom Wilson.
9:40 of 2nd period - Snap shot by Ryan Getzlaf.
9:40 of 2nd period - Stopped by Jonathan Bernier without a rebound.
9:41 of 2nd period - James Sheppard wins face-off versus Ryan Getzlaf in Ducks zone.
10:14 of 2nd period - Snap shot by Alex Ovechkin.
10:14 of 2nd period - Stopped by Jonathan Bernier with a rebound.
10:57 of 2nd period - Penalty to Chris Stewart is over, Chris Stewart is back on ice.
10:57 of 2nd period - Snap shot by Patrick Kane.
10:57 of 2nd period - Shot Blocked by Brad Richardson.
11:16 of 2nd period - Nikita Kucherov is hit by Wayne Simmonds and loses puck.
11:43 of 2nd period - Wrist shot by Wayne Simmonds.
11:43 of 2nd period - Shot Misses the Net.
11:57 of 2nd period - Nikita Kucherov is hit by Jarret Stoll.
12:07 of 2nd period - Martin Marincin is hit by Brad Stuart and loses puck.
13:13 of 2nd period - Backhand shot by Victor Hedman.
13:13 of 2nd period - Stopped by Jonathan Bernier without a rebound.
13:14 of 2nd period - John Tavares wins face-off versus Michael Frolik in Ducks zone.
15:09 of 2nd period - Slapshot by Jake Muzzin.
15:09 of 2nd period - Stopped by Jonathan Bernier with a rebound.
15:11 of 2nd period - Wrist shot by Jake Muzzin.
15:11 of 2nd period - Stopped by Jonathan Bernier without a rebound.
15:12 of 2nd period - Jean-Gabriel Pageau wins face-off versus John Tavares in Ducks zone.
15:19 of 2nd period - Wrist shot by Jean-Gabriel Pageau.
15:19 of 2nd period - Shot Misses the Net.
16:48 of 2nd period - Snap shot by David Moss.
16:48 of 2nd period - Shot Misses the Net.
16:50 of 2nd period - Wrist shot by David Moss.
16:50 of 2nd period - Shot Misses the Net.
16:52 of 2nd period - Wrist shot by Nikita Kucherov.
16:52 of 2nd period - Shot Misses the Net.
16:59 of 2nd period - Minor Penalty to Jarret Stoll for High sticking.
17:00 of 2nd period - Jean-Gabriel Pageau wins face-off versus Claude Giroux in Jets zone.
17:43 of 2nd period - Off-side.
17:44 of 2nd period - Brad Richardson wins face-off versus Claude Giroux in neutral zone.
18:43 of 2nd period - Wrist shot by Michael Frolik.
18:43 of 2nd period - Shot Misses the Net.
18:59 of 2nd period - Penalty to Jarret Stoll is over, Jarret Stoll is back on ice.
19:07 of 2nd period - Snap shot by Nikita Kucherov.
19:07 of 2nd period - Stopped by Jonathan Quick with a rebound.
19:09 of 2nd period - Slapshot by Connor Murphy.
19:09 of 2nd period - Shot Blocked by Patrik Elias.
19:13 of 2nd period - Wrist shot by Nikita Kucherov.
19:13 of 2nd period - Stopped by Jonathan Quick with a rebound.
19:55 of 2nd period - Wrist shot by Blake Comeau.
19:55 of 2nd period - Stopped by Jonathan Quick with a rebound.
Goals for this period are 1 for Jets vs 1 for Ducks.
Shots for this period are 6 for Jets vs 7 for Ducks.

3rd period


0:01 of 3rd period - John Tavares wins face-off versus James Sheppard in neutral zone.
0:09 of 3rd period - Off-side.
0:10 of 3rd period - James Sheppard wins face-off versus John Tavares in neutral zone.
0:13 of 3rd period - Slapshot by Michael Frolik.
0:13 of 3rd period - Shot Misses the Net.
0:15 of 3rd period - Snap shot by Jared Cowen.
0:15 of 3rd period - Deflect By Michael Frolik.
0:15 of 3rd period - Shot Blocked by Victor Hedman.
0:15 of 3rd period - Puck is out of play.
0:16 of 3rd period - James Sheppard wins face-off versus John Tavares in Jets zone.
0:23 of 3rd period - Snap shot by Tom Wilson.
0:23 of 3rd period - Stopped by Jonathan Quick without a rebound.
0:24 of 3rd period - John Tavares wins face-off versus James Sheppard in Jets zone.
0:29 of 3rd period - Brett Bellemore is hit by Alex Ovechkin and loses puck.
0:33 of 3rd period - Tom Wilson and John Carlson fight to a draw.
0:33 of 3rd period - Penalty to Tom Wilson for Fighting.
0:33 of 3rd period - Penalty to John Carlson for Fighting.
0:34 of 3rd period - John Tavares wins face-off versus James Sheppard in Ducks zone.
0:39 of 3rd period - Snap shot by Patrick Kane.
0:39 of 3rd period - Stopped by Jonathan Bernier with a rebound.
0:41 of 3rd period - Slapshot by Jake Muzzin.
0:41 of 3rd period - Stopped by Jonathan Bernier with a rebound.
0:43 of 3rd period - Slapshot by Jake Muzzin.
0:43 of 3rd period - Shot Misses the Net.
0:45 of 3rd period - Slapshot by Jake Muzzin.
0:45 of 3rd period - Stopped by Jonathan Bernier without a rebound.
0:46 of 3rd period - John Tavares wins face-off versus James Sheppard in Ducks zone.
2:04 of 3rd period - Minor Penalty to Jonathan Huberdeau for Slashing.
2:05 of 3rd period - John Tavares wins face-off versus James Sheppard in Ducks zone.
2:06 of 3rd period - Wrist shot by Patrick Kane.
2:06 of 3rd period - Shot Blocked by Connor Murphy.
2:08 of 3rd period - Wrist shot by John Tavares.
2:08 of 3rd period - Shot Misses the Net.
2:10 of 3rd period - Snap shot by Oliver Ekman-Larsson.
2:10 of 3rd period - Stopped by Jonathan Bernier without a rebound.
2:11 of 3rd period - John Tavares wins face-off versus James Sheppard in Ducks zone.
2:26 of 3rd period - Snap shot by John Tavares.
2:26 of 3rd period - Stopped by Jonathan Bernier with a rebound.
2:55 of 3rd period - Connor Murphy is hit by Blake Wheeler and loses puck.
3:47 of 3rd period - Brad Richardson is hit by Alex Ovechkin and loses puck.
4:04 of 3rd period - Penalty to Jonathan Huberdeau is over, Jonathan Huberdeau is back on ice.
4:35 of 3rd period - Minor Penalty to Jonathan Huberdeau for Hooking.
4:36 of 3rd period - Blake Comeau wins face-off versus Patrick Kane in Ducks zone.
5:16 of 3rd period - Wrist shot by Filip Forsberg.
5:16 of 3rd period - Stopped by Jonathan Bernier with a rebound.
5:18 of 3rd period - Wrist shot by Jake Muzzin.
5:18 of 3rd period - Stopped by Jonathan Bernier with a rebound.
5:33 of 3rd period - Penalty to Tom Wilson is over, Tom Wilson is back on ice.
6:35 of 3rd period - Penalty to Jonathan Huberdeau is over, Jonathan Huberdeau is back on ice.
6:37 of 3rd period - Tom Wilson is hit by Filip Forsberg and loses puck.
7:14 of 3rd period - Wrist shot by Claude Giroux.
7:14 of 3rd period - Shot Misses the Net.
7:16 of 3rd period - Snap shot by Claude Giroux.
7:16 of 3rd period - Stopped by Jonathan Bernier with a rebound.
7:18 of 3rd period - Slapshot by Jake Muzzin.
7:18 of 3rd period - Goal by Jake Muzzin - Jets : 7 - Ducks : 3.
7:19 of 3rd period - Claude Giroux wins face-off versus Blake Comeau in neutral zone.
7:44 of 3rd period - Wrist shot by Wayne Simmonds.
7:44 of 3rd period - Shot Blocked by Nikita Nikitin.
7:46 of 3rd period - Wrist shot by Jussi Jokinen.
7:46 of 3rd period - Shot Misses the Net.
7:48 of 3rd period - Snap shot by Jussi Jokinen.
7:48 of 3rd period - Stopped by Jonathan Bernier with a rebound.
7:50 of 3rd period - Slapshot by Jake Muzzin.
7:50 of 3rd period - Stopped by Jonathan Bernier without a rebound.
7:51 of 3rd period - Jarret Stoll wins face-off versus David Moss in Ducks zone.
8:12 of 3rd period - Snap shot by Alex Ovechkin.
8:12 of 3rd period - Shot Misses the Net.
8:14 of 3rd period - Slapshot by Alex Ovechkin.
8:14 of 3rd period - Stopped by Jonathan Bernier with a rebound.
8:16 of 3rd period - Wrist shot by Patrik Elias.
8:16 of 3rd period - Stopped by Jonathan Bernier with a rebound.
8:36 of 3rd period - Patrik Elias is hit by Chris Stewart.
8:42 of 3rd period - Snap shot by Blake Comeau.
8:42 of 3rd period - Shot Blocked by Alex Ovechkin.
8:46 of 3rd period - Wrist shot by Michael Frolik.
8:46 of 3rd period - Goal by Michael Frolik - Jets : 7 - Ducks : 4.
8:47 of 3rd period - Michael Frolik wins face-off versus Ryan Getzlaf in neutral zone.
8:49 of 3rd period - Off-side.
8:50 of 3rd period - Michael Frolik wins face-off versus Ryan Getzlaf in neutral zone.
9:07 of 3rd period - Snap shot by Michael Frolik.
9:07 of 3rd period - Stopped by Jonathan Quick without a rebound.
9:08 of 3rd period - Claude Giroux wins face-off versus David Moss in Jets zone.
9:21 of 3rd period - Minor Penalty to Wayne Simmonds for Hooking.
9:22 of 3rd period - Jarret Stoll wins face-off versus Brad Richardson in Jets zone.
10:27 of 3rd period - Jussi Jokinen is hit by Tom Wilson and loses puck.
10:34 of 3rd period - Slapshot by Jean-Gabriel Pageau.
10:34 of 3rd period - Stopped by Jonathan Quick with a rebound.
10:48 of 3rd period - Slapshot by Jared Cowen.
10:48 of 3rd period - Shot Blocked by Oliver Ekman-Larsson.
11:21 of 3rd period - Penalty to Wayne Simmonds is over, Wayne Simmonds is back on ice.
12:08 of 3rd period - Snap shot by Ryan Getzlaf.
12:08 of 3rd period - Stopped by Jonathan Bernier without a rebound.
12:09 of 3rd period - John Tavares wins face-off versus David Moss in Ducks zone.
12:48 of 3rd period - Jean-Gabriel Pageau is hit by Alex Ovechkin and loses puck.
13:15 of 3rd period - John Carlson is hit by Blake Comeau and loses puck.
13:22 of 3rd period - Snap shot by Chris Stewart.
13:22 of 3rd period - Stopped by Jonathan Quick with a rebound.
13:24 of 3rd period - Slapshot by Michael Frolik.
13:24 of 3rd period - Stopped by Jonathan Quick with a rebound.
13:26 of 3rd period - Slapshot by Connor Murphy.
13:26 of 3rd period - Shot Misses the Net.
13:28 of 3rd period - Snap shot by Connor Murphy.
13:28 of 3rd period - Deflect By Filip Forsberg.
13:28 of 3rd period - Stopped by Jonathan Quick without a rebound.
13:29 of 3rd period - Ryan Getzlaf wins face-off versus Michael Frolik in Jets zone.
14:15 of 3rd period - Jake Muzzin is hit by Kyle Palmieri.
14:45 of 3rd period - Korbinian Holzer is hit by Jarret Stoll and loses puck.
15:30 of 3rd period - Wrist shot by Wayne Simmonds.
15:30 of 3rd period - Stopped by Jonathan Bernier without a rebound.
15:31 of 3rd period - Claude Giroux wins face-off versus David Moss in Ducks zone.
15:55 of 3rd period - Slapshot by Brett Bellemore.
15:55 of 3rd period - Stopped by Jonathan Quick without a rebound.
15:56 of 3rd period - Ryan Getzlaf wins face-off versus Tom Wilson in Jets zone.
17:02 of 3rd period - Erik Johnson is hit by Korbinian Holzer.
17:38 of 3rd period - Slapshot by Oliver Ekman-Larsson.
17:38 of 3rd period - Shot Misses the Net.
17:48 of 3rd period - Snap shot by Wayne Simmonds.
17:48 of 3rd period - Stopped by Jonathan Bernier with a rebound.
17:50 of 3rd period - Slapshot by John Carlson.
17:50 of 3rd period - Shot Misses the Net.
18:55 of 3rd period - Wrist shot by Patrick Kane.
18:55 of 3rd period - Shot Misses the Net.
Goals for this period are 1 for Jets vs 1 for Ducks.
Shots for this period are 16 for Jets vs 8 for Ducks.